 Dungeon Crawl Stone Soup version 0.30.1 (webtiles) character file.

Game seed: 7223642603775793511

27997 Graphine the Spry (level 13, -8/156 HPs)
             Began as a Merfolk Gladiator on July 2, 2023.
             Was an Initiate of Gozag.
             Mangled by a pharaoh ant (22 damage)
             ... on level 1 of the Spider Nest.
             The game lasted 00:52:38 (14248 turns).

Graphine the Spry (Merfolk Gladiator)              Turns: 14248, Time: 00:52:38

Health: -8/156     AC: 11    Str: 14    XL:     13   Next: 36%
Magic:  0/19       EV: 28    Int:  7    God:    Gozag
Gold:   2622       SH:  0    Dex: 27    Spells: 13/20 levels left

rFire   + . .        H - +4 great sword (chaos)
rCold   . . .        (shield currently unavailable)
rNeg    + + .        s - +1 robe "Dimopt" {Rampage rN+}
rPois   +            c - +2 helmet
rElec   .            e - +0 cloak
rCorr   +            A - +0 pair of gloves
SInv    .            r - +2 pair of boots
Will    .....        S - amulet of guardian spirit Stlth
                     D - ring of poison resistance
HPRegen 0.46/turn    g - ring "Uvuned" {rF+ rN+ rCorr Dex+6}
MPRegen 0.16/turn

%: guardian spirit, rampage
@: berserking, very quick
A: (nimble swimmer 2), mertail
a: Renounce Religion, Potion Petition, Call Merchant, Bribe Branch


You were on level 1 of the Spider Nest.
You worshipped Gozag.
Gozag was most pleased with you.
You visited 3 branches of the dungeon, and saw 14 of its levels.
You also visited: Sewer and Ice Cave.

You collected 3809 gold pieces.
You spent 1122 gold pieces at shops.
You paid 65 gold pieces to Gozag.

Inventory:

Hand Weapons
 C - a +4 long sword
 H - a +4 great sword of chaos (weapon)
 L - the +7 battleaxe of the Loving Weasel {venom, rPois rN+ Str+2}
   (You found it on level 2 of the Lair of Beasts)

   Str:       It affects your strength (+2).
   rPois:     It protects you from poison.
   rN:        It protects you from negative energy.
 Q - the +1 long sword of the Scorpion {pain, rF+ Str+5}
   (You found it on level 11 of the Dungeon)

   Str:       It affects your strength (+5).
   rF:        It protects you from fire.
Missiles
 a - 3 curare-tipped darts (quivered)
 B - 9 javelins
 G - a throwing net
Armour
 c - a +2 helmet (worn)
 e - a +0 cloak (worn)
 r - a +2 pair of boots (worn)
 s - the +1 robe "Dimopt" (worn) {Rampage rN+}
   (You found it on level 6 of the Dungeon)

   rN:        It protects you from negative energy.
   Rampage:   It bestows one free step when moving towards enemies.
 w - a +1 hat
 A - a +0 pair of gloves (worn)
 P - a +1 leather armour of willpower
 W - the +0 robe of Ozxie {rElec Int-2 Dex+2 Stlth+}
   (You found it in an ice cave)

   Int:       It affects your intelligence (-2).
   Dex:       It affects your dexterity (+2).
   rElec:     It insulates you from electricity.
   Stlth:     It makes you more stealthy.
Jewellery
 g - the ring "Uvuned" (right hand) {rF+ rN+ rCorr Dex+6}
   (You bought it in a shop on level 7 of the Dungeon)

   [ring of dexterity]

   Dex:       It affects your dexterity (+6).
   rF:        It protects you from fire.
   rN:        It protects you from negative energy.
   rCorr:     It protects you from acid and corrosion.
 j - an amulet of magic regeneration
 p - a ring of protection from fire
 z - a ring of protection from cold
 D - a ring of poison resistance (left hand)
 K - a ring of see invisible
 O - a ring of positive energy
 S - an amulet of guardian spirit (around neck)
Wands
 i - a wand of iceblast (15)
 k - a wand of charming (19)
 F - a wand of flame (29)
 R - a wand of polymorph (3)
 U - a wand of digging (5)
 V - a wand of mindburst (10)
Scrolls
 n - 5 scrolls of teleportation
 v - a scroll of magic mapping
 I - 4 scrolls of identify
 J - 2 scrolls of amnesia
Potions
 b - a potion of might
 d - 3 potions of mutation
 h - 2 potions of curing
 l - 6 potions of flight
 m - 2 potions of cancellation
 o - 3 potions of haste
 u - 4 potions of magic
 x - 3 potions of resistance
 M - a potion of attraction
 N - a potion of brilliance
 X - a potion of lignification


   Skills:
 + Level 10.6 Fighting
 - Level 14.0 Long Blades
 - Level 8.0 Throwing
 - Level 16.0 Dodging
 + Level 4.2 Spellcasting
 * Level 3.5 Summonings
 * Level 7.3 Ice Magic


You had 13 spell levels left.
You knew the following spells:

 Your Spells              Type           Power      Damage    Failure   Level
a - Frozen Ramparts       Ice            22%        1d4       4%          3
b - Summon Ice Beast      Ice/Summ       9%         N/A       32%         4

Your spell library contained the following spells:

 Spells                   Type           Power      Damage    Failure   Level
 Necrotise                Necr           4%         1d4       30%         1
 Ice Form                 Ice/Tmut       6%         N/A       56%         4
 Vampiric Draining        Necr           1%         2d6       67%         3
 Agony                    Necr           1%         N/A       100%        5
 Blade Hands              Tmut           0%         N/A       100%        5
 Irradiate                Conj/Tmut      0%         3d11      100%        5
 Dragon Form              Tmut           0%         N/A       100%        7


Dungeon Overview and Level Annotations

Branches:
Dungeon (11/15)              Lair (2/5) D:11         Shoals (0/4) Lair:2
 Spider (1/4) Lair:2          Orc (0/2) D:9           Sewer (visited)
  IceCv (visited)
 Temple: D:4-7

Altars:
Cheibriados
Dithmenos
Elyvilon
Fedhas
Gozag
Hepliaklqana
Ru
Sif Muna
Trog
Vehumet
Zin

Shops:
D:4 *   D:7 =

Annotations:
D:3 exclusion: statue
Spider:1 Agnes, Asterion, Mlioglotl


Innate Abilities, Weirdness & Mutations

((You are very nimble when in or above water. (Stealth+, EV+, Speed+++)))
Your lower body shifts to a powerful aquatic tail in water.


Message History

You feel much better.
A moth of wrath comes into view.
Press: ? - help, v - describe, . - travel The floor.
Unknown command.
As you read the scroll of fog, it crumbles to dust.
The scroll dissolves into smoke.
The redback bites you but does no damage.
The pharaoh ant closely misses you. Agnes misses you.
The redback completely misses you. The pharaoh ant misses you.
Okay, then.
A red film seems to cover your vision as you go berserk!
You feel yourself moving faster!
You feel mighty!
Agnes hits you with a +1 vampiric lajatang!!
* * * LOW HITPOINT WARNING * * *
The redback bites you but does no damage.
Agnes hits you with a +1 vampiric lajatang!!
* * * LOW HITPOINT WARNING * * *
The pharaoh ant closely misses you.
You slice Agnes!!
Agnes is moderately wounded.
The redback completely misses you.
Agnes hits you with a +1 vampiric lajatang.
* * * LOW HITPOINT WARNING * * *
The pharaoh ant completely misses you.
You slice Agnes!! You freeze Agnes.
Agnes is heavily wounded.
Agnes is distracted by your dazzling golden aura.
The redback bites you but does no damage.
The pharaoh ant bites you but does no damage.
Agnes shouts!
You miss Agnes.
Agnes is no longer distracted by gold.
Agnes is heavily wounded.
The redback completely misses you. The pharaoh ant completely misses you.
Agnes barely misses you.
You closely miss Agnes.
Agnes is heavily wounded.
The redback closely misses you. The pharaoh ant bites you!!
You die...
Your body crumbles into a pile of gold.

.. ... ....... .. #...
.y...#. ..).... ##.....
.#..... .....i. .....#
○....§. s§...##
..#...y##is..... ....h§sB@#
.##..§s## ....#.#..#
#...§h# .....(... .
##.....## ##^......# $ ..
#.......# ....#...
...##.....## ......#
........!.# . # #..#.#
.........##..##..#.##....##
.............^..)..#..<(...


You could see Agnes, a moth of wrath, a culicivora, a pharaoh ant, a tarantella,
a hell hound and 2 redbacks.

Vanquished Creatures
  A dire elephant (Lair:2)
  A hydra (Lair:2)
  Erolcha (D:10)
  A two-headed ogre (D:8)
  A catoblepas (Lair:1)
  Urug (D:11)
  Sonja (D:11)
  Pikel (D:8)
  2 lindwurms
  2 ugly things (IceCv)
  A merfolk siren (Lair:2)
  A cyclops (D:11)
  An elephant (Lair:2)
  A gargoyle (D:11)
  5 cane toads
  2 ice statues (IceCv)
  Maggie (D:6)
  2 kobold demonologists
  2 rime drakes (Lair:1)
  An unseen horror (D:11)
  2 komodo dragons
  A troll (D:11)
  4 blink frogs (Lair:2)
  A dream sheep (Lair:1)
  A vampire (D:9)
  A culicivora (Spider:1)
  2 shadows
  2 wraiths (D:9)
  29 yaks
  7 wyverns
  Grum (D:8)
  4 basilisks
  3 steam dragons (D:7)
  2 death yak simulacra (IceCv)
  2 acid dragons (D:9)
  7 water moccasins
  5 ice beasts
  3 orc warriors (D:9)
  10 wolves
  2 ogres
  3 centaurs
  A lemure (D:8)
  2 phantoms
  6 kobold brigands
  5 bullfrogs
  3 scorpions
  A gnoll sergeant (D:10)
  A cane toad simulacrum (Lair:1)
  15 wights
  3 troll zombies (D:9)
  An elephant simulacrum (IceCv)
  24 killer bees
  2 howler monkeys (D:8)
  6 electric eels
  3 jellies
  3 hounds
  4 orc priests (D:9)
  4 gnoll boudas
  4 sleepcaps
  Crazy Yiuf (D:6)
  An iguana (D:5)
  7 orc wizards
  A polar bear simulacrum (IceCv)
  A wolf simulacrum (Lair:1)
  5 ogre zombies (D:9)
  11 adders
  23 gnolls
  7 river rats
  3 shadow imps
  A white imp (D:7)
  2 ufetubi
  A worm (D:2)
  4 dart slugs
  31 orcs
  5 endoplasms
  4 giant cockroaches
  5 goblins
  8 hobgoblins
  3 quokkas
  6 ball pythons
  7 bats
  7 frilled lizards
  3 goblin skeletons (D:9)
  4 goblin zombies (D:9)
  2 hobgoblin skeletons (D:9)
  2 hobgoblin zombies (D:9)
  30 kobolds
  An orc skeleton (D:9)
  13 orc zombies (D:9)
  24 rats
432 creatures vanquished.

Vanquished Creatures (others)
  A cane toad (Lair:2)
  A jumping spider (Spider:1)
  A kobold (D:6)
3 creatures vanquished.

Grand Total: 435 creatures vanquished

Notes
Turn   | Place    | Note
-------+----------+-------------------------------------------
     0 | D:1      | Graphine the Merfolk Gladiator began the quest for the Orb.
     0 | D:1      | Reached XP level 1. HP: 16/16 MP: 1/1
   164 | D:1      | Reached XP level 2. HP: 18/23 MP: 2/2
   643 | D:2      | Reached XP level 3. HP: 27/28 MP: 3/3
  1217 | D:3      | Reached XP level 4. HP: 34/34 MP: 4/4
  1232 | D:3      | Found a radiant altar of Vehumet.
  1232 | D:3      | Noticed a charred statue
  1732 | D:4      | Reached skill level 5 in Dodging
  1780 | D:4      | Reached XP level 5. HP: 5/41 MP: 5/5
  1926 | D:4      | Reached skill level 5 in Long Blades
  1938 | D:4      | Reached XP level 6. HP: 20/46 MP: 6/6
  2090 | D:4      | Reached skill level 6 in Dodging
  2323 | D:4      | Found an opulent altar of Gozag.
  2324 | D:4      | Found Gozag's Platinum Reserve.
  2344 | D:4      | Became a worshipper of Gozag Ym Sagoz the Greedy
  2379 | D:4      | Reached XP level 7. HP: 43/52 MP: 7/7
  3003 | D:5      | Entered Level 5 of the Dungeon
  3100 | D:5      | Reached skill level 7 in Dodging
  3219 | D:5      | Reached skill level 5 in Throwing
  3358 | D:5      | Found a white marble altar of Elyvilon.
  3359 | D:5      | Found a hazy altar of Hepliaklqana.
  3360 | D:5      | Found a shimmering blue altar of Sif Muna.
  3361 | D:5      | Found a bloodstained altar of Trog.
  3361 | D:5      | Found a glowing silver altar of Zin.
  3362 | D:5      | Found a blossoming altar of Fedhas.
  3363 | D:5      | Found a shadowy altar of Dithmenos.
  3411 | D:5      | Reached XP level 8. HP: 60/60 MP: 8/8
  3570 | D:5      | Found a glowing drain.
  3579 | Sewer    | Entered a sewer
  4382 | D:5      | Reached skill level 8 in Dodging
  4707 | D:6      | Noticed Maggie
  4740 | D:6      | Killed Maggie
  4741 | D:6      | Reached skill level 5 in Fighting
  4741 | D:6      | Reached XP level 9. HP: 57/68 MP: 9/9
  4809 | D:6      | Reached skill level 9 in Dodging
  4980 | D:6      | Identified the +1 robe "Dimopt" {Rampage rN+}
  5436 | D:6      | Found a runed translucent door.
  5437 | D:6      | Noticed Crazy Yiuf
  5450 | D:6      | Killed Crazy Yiuf
  5685 | D:7      | Found Poduu's Jewellery Boutique.
  5692 | D:7      | Bought the ring "Uvuned" {rF+ rN+ rCorr Dex+6} for 897 gold
                  | pieces
  6089 | D:7      | Reached skill level 10 in Dodging
  6512 | D:7      | Reached XP level 10. HP: 70/76 MP: 10/10
  6925 | D:7      | Bought a ring of see invisible for 225 gold pieces
  6969 | D:8      | Reached skill level 10 in Long Blades
  6969 | D:8      | Noticed Grum
  6986 | D:8      | Reached skill level 11 in Dodging
  6988 | D:8      | Noticed Pikel
  7020 | D:8      | Killed Pikel
  7036 | D:8      | Killed Grum
  7353 | D:8      | Noticed a two-headed ogre
  7361 | D:8      | Killed a two-headed ogre
  7362 | D:8      | Reached skill level 12 in Dodging
  7879 | D:9      | Reached XP level 11. HP: 34/84 MP: 11/11
  8404 | D:9      | Found a staircase to the Orcish Mines.
  8439 | D:9      | Reached skill level 13 in Dodging
  9550 | D:10     | Entered Level 10 of the Dungeon
  9671 | D:10     | Reached skill level 14 in Dodging
  9715 | D:10     | Found a snail-covered altar of Cheibriados.
  9732 | D:10     | Found a sacrificial altar of Ru.
 10093 | D:10     | Noticed Erolcha
 10098 | D:10     | Killed Erolcha
 10364 | D:11     | Noticed Sonja
 10373 | D:11     | Killed Sonja
 10408 | D:11     | Identified the +1 long sword of the Scorpion {pain, rF+
                  | Str+5}
 10448 | D:11     | Noticed Urug
 10453 | D:11     | Killed Urug
 10454 | D:11     | Reached XP level 12. HP: 93/94 MP: 12/12
 10827 | D:11     | Reached skill level 15 in Dodging
 11019 | D:11     | Found a staircase to the Lair.
 11248 | Lair:1   | Entered Level 1 of the Lair of Beasts
 11377 | Lair:1   | Reached skill level 1 in Ice Magic
 11403 | Lair:1   | Reached skill level 1 in Spellcasting
 11685 | Lair:1   | You fall into a shaft and drop 1 floor!
 11744 | Lair:1   | Found a frozen archway.
 11764 | IceCv    | Entered an ice cave
 11776 | IceCv    | Found a transporter.
 11961 | IceCv    | Found a transporter.
 12017 | IceCv    | Reached skill level 16 in Dodging
 12025 | IceCv    | Identified the +0 robe of Ozxie {rElec Int-2 Dex+2 Stlth+}
 12332 | Lair:1   | Noticed a catoblepas
 12345 | Lair:1   | Killed a catoblepas
 12346 | Lair:1   | Reached skill level 5 in Ice Magic
 12358 | Lair:1   | Reached skill level 10 in Fighting
 12565 | Lair:1   | Reached XP level 13. HP: 103/103 MP: 16/18
 12570 | Lair:1   | Learned a level 3 spell: Frozen Ramparts
 12799 | Lair:2   | Reached skill level 1 in Summonings
 12863 | Lair:2   | Identified the +6 flail of Action {heavy, Fragile Will+++
                  | Str-5}
 13145 | Lair:2   | Found a staircase to the Shoals.
 13225 | Lair:2   | Noticed a dire elephant
 13257 | Lair:2   | Found a runed translucent door.
 13447 | Lair:2   | Found a hole to the Spider Nest.
 13468 | Lair:2   | Learned a level 4 spell: Summon Ice Beast
 14010 | Lair:2   | Killed a dire elephant
 14036 | Lair:2   | Identified the +7 battleaxe of the Loving Weasel {venom,
                  | rPois rN+ Str+2}
 14203 | Spider:1 | Entered Level 1 of the Spider Nest
 14204 | Spider:1 | Noticed Mlioglotl
 14228 | Spider:1 | Noticed a cacodemon
 14234 | Spider:1 | Noticed Asterion
 14238 | Spider:1 | Noticed Agnes
 14248 | Spider:1 | Mangled by a pharaoh ant

Illustrated notes

Levels and vault maps discovered:
D:1:      wander_arrival_fairy_ring, layout_basic, serial_corexii_hall,
          corexii_hall_statues_x, corexii_hall_statues_s,
          corexii_hall_statues_t, chequers_hall_statues_corner_a,
          minmay_misc_feat_roman
D:2:      layout_rooms, minmay_ruptured
D:3:      layout_rooms, vehumet_statue
D:4:      layout_loops_ring, nicolae_gozag_zags_fifth_avenue
D:5:      layout_gridville, grunt_temple_overflow_open,
          minmay_temple_entry_from_below_a, portal_sewer_entry_a,
          grunt_ministairs_1, nicolae_nh_ransacked_shop
D:6:      layout_basic, uniq_maggie, uniq_crazy_yiuf_cottage
D:7:      layout_basic, serial_shops, shop, nrook_loot_triangle
D:8:      layout_rooms, minmay_increasing_density, uniq_grum, uniq_pikel
D:9:      layout_irregular_city, zombieorc2_lemuel, serial_column_ruins,
          column_ruins_grid_3, column_ruins_grid_1,
          column_ruins_corridor_corner, column_ruins_open_medium,
          minmay_misc_feat_tower, hangedman_decor_opposing,
          grunt_decor_resistance, kennysheep_potato
D:10:     layout_loops_cross, nicolae_overflow_squiral,
          chequers_hall_statues_wall_a, uniq_erolcha
D:11:     layout_roguey, lair_entry_dummy, uniq_urug, uniq_sonja
Lair:1:   layout_hall_layers, portal_ice_cave_entry_ice_simulacra,
          nzn_random_ring
Lair:2:   gammafunk_lair_enchanted_lake, layout_cellular_growth,
          minmay_shoals_entry_lonely_mermaid, spider_nest_entry_webs,
          serial_bayou, serial_bayou_pond_a, serial_bayou_pond_c,
          serial_bayou_pond_a, serial_bayou_lagoon_b
Spider:1: layout_spider_delve, drop_trap, uniq_agnes, uniq_louise,
          uniq_mlioglotl, uniq_asterion, uniq_josephine, uniq_azrael

Skill      XL: |  1  2  3  4  5  6  7  8  9 10 11 12 13 |
---------------+----------------------------------------+-----
Long Blades    | 4 5 6 8 9 11 13 14 | 14.0
Throwing       | 3 4 5 6 7 8 |  8.0
Dodging        | 5 6 7 8 10 12 14 16 | 16.0
Fighting       | 3 4 5 6 7 8 10 | 10.6
Ice Magic      | 5 7 |  7.3
Spellcasting   | 3 4 |  4.2
Summonings     | 3 |  3.5

Action                     |  1- 3 |  4- 6 |  7- 9 | 10-12 | 13-15 || total
---------------------------+-------+-------+-------+-------+-------++-------
  Melee: Long sword        |    93 |   106 |   459 |   346 |       ||  1004
         Punch             |       |     2 |     4 |       |       ||     6
         Tailslap          |       |       |     4 |     2 |     9 ||    15
         Great sword       |       |       |       |   211 |    96 ||   307
         Battleaxe         |       |       |       |       |     6 ||     6
  Throw: Dart              |     2 |     4 |     6 |    18 |     8 ||    38
         Throwing net      |     1 |     5 |     1 |       |       ||     7
         Javelin           |       |     1 |     3 |    26 |     2 ||    32
         Boomerang         |       |       |       |   164 |     2 ||   166
   Cast: Frozen Ramparts   |       |       |       |       |     3 ||     3
         Summon Ice Beast  |       |       |       |       |     1 ||     1
  Evoke: Wand              |       |       |     7 |     8 |     1 ||    16
    Use: Scroll            |     8 |     4 |    15 |    10 |     7 ||    44
         Potion            |       |     1 |     4 |     7 |     6 ||    18
   Stab: Sleeping          |     2 |       |     5 |    10 |     2 ||    19
         Held in net/web   |     2 |     1 |       |       |       ||     3
         Invisible         |     1 |     1 |       |    14 |       ||    16
         Distracted        |       |       |     3 |     5 |     1 ||     9
         Petrified         |       |       |       |     3 |       ||     3
         Petrifying        |       |       |       |     2 |       ||     2
 Armour: Leather armour    |    33 |    12 |   106 |       |       ||   151
         Robe              |       |       |    20 |    82 |    27 ||   129
  Dodge: Dodged            |    76 |    63 |   437 |   522 |   276 ||  1374
  Block: Buckler           |       |       |    58 |    97 |       ||   155
